 Dungeon Crawl Stone Soup version 0.28.0-53-g5a82cb258f (webtiles) character file.

Game seed: 8596737131393532132

11 Zeld the Magician (level 2, 0/15 HPs)
             Began as a Deep Elf Hedge Wizard on May 21, 2022.
             Slain by a quokka (3 damage)
             ... on level 2 of the Dungeon.
             The game lasted 00:01:16 (699 turns).

Zeld the Magician (Deep Elf Hedge Wizard)            Turns: 699, Time: 00:01:18

Health: 0/15       AC:  2    Str:  7    XL:     2   Next: 13%
Magic:  1/9        EV: 12    Int: 18    God:
Gold:   7          SH:  0    Dex: 14    Spells: 4/10 levels left

rFire   . . .      SeeInvis .   a - +0 dagger
rCold   . . .      Faith    .   (no shield)
rNeg    . . .      Spirit   .   b - +0 robe
rPois   .          Reflect  .   c - +0 hat
rElec   .          Harm     .   (no cloak)
rCorr   .          Rampage  .   (no gloves)
Will    .....                   (no boots)
Stlth   ++........              (no amulet)
HPRegen 0.05/turn               (no ring)
MPRegen 0.11/turn               (no ring)

@: no status effects
A: no striking features
a: no special abilities


You were on level 2 of the Dungeon.
You visited 1 branch of the dungeon, and saw 2 of its levels.

You collected 7 gold pieces.

Inventory:

Hand Weapons
 a - a +0 dagger (weapon)
Armour
 b - a +0 robe (worn)
 c - a +0 hat (worn)
Scrolls
 d - a scroll of enchant armour {unknown}


   Skills:
 + Level 0.2 Fighting
 * Level 0.5 Short Blades
 + Level 2.5 Dodging
 - Level 2.4 Stealth
 * Level 4.6 Spellcasting
 + Level 1.2 Conjurations
 + Level 1.2 Summonings
 + Level 1.2 Translocations


You had 4 spell levels left.
You knew the following spells:

 Your Spells              Type           Power      Damage    Failure   Level
a - Magic Dart            Conj           32%        1d4       9%          1
b - Slow                  Hex            16%        N/A       14%         1
c - Call Imp              Summ           8%         N/A       12%         2
d - Blink                 Tloc           16%        N/A       13%         2

Your spell library contained the following spells:

 Spells                   Type           Power      Damage    Failure   Level
 Conjure Flame            Conj/Fire      6%         6-21      32%         3
 Mephitic Cloud           Conj/Pois/Air  5%         N/A       34%         3


Dungeon Overview and Level Annotations

Branches:
Dungeon (1/15)

Altars:


Message History

Confirm with . or Enter, or press ? or * to list all spells.
Aiming: Magic Dart (safe; 9% risk of failure)
Press: ? - help, Shift-Dir - straight line, f/p - quokka
Aim: a quokka (lightly wounded, ally target, 100% to hit)
The magic dart hits the quokka.
The quokka is moderately wounded.
The quokka misses you.
The quokka bites you but does no damage.
Casting: Magic Dart (safe; 9% risk of failure)
Confirm with . or Enter, or press ? or * to list all spells.
Aiming: Magic Dart (safe; 9% risk of failure)
Press: ? - help, Shift-Dir - straight line, f/p - quokka
Aim: a quokka (lightly wounded, ally target, 100% to hit)
The magic dart hits the quokka.
The quokka is moderately wounded.
The quokka bites you but does no damage.
The quokka closely misses your crimson imp.
Your crimson imp blinks!
The bat hits you but does no damage.
Things that are here:
a +0 dagger; 3 stones The bat misses you. x2; The quokka misses you.
The bat completely misses you. The bat hits you.
* * * LOW HITPOINT WARNING * * *
The quokka bites you but does no damage.
The bat hits you but does no damage. The bat hits you but does no damage.
The bat barely misses you. The bat closely misses you.
The quokka completely misses you. The bat barely misses you.
The quokka bites you.
* * * LOW HITPOINT WARNING * * *
There is an open door here.
Casting: Magic Dart (safe; 9% risk of failure)
Confirm with . or Enter, or press ? or * to list all spells.
Aiming: Slow (safe; 14% risk of failure)
Press: ? - help, Shift-Dir - straight line, f/p - quokka
Aim: a quokka (lightly wounded, chance to affect: 57%)
The quokka seems to slow down.
The quokka bites you.
You die...

#.......#...........).# #
#.......#.............# #
#.......#........(....# #
#.......#.........(...####
#.......'>.........)..'...
#.......#b............####
#########r############# ##
#r# #. #######@### ### #5
.[........## #... #r
...........# ..... #.
...........# ......#.
...........#### .$....'.
...######.....# ......#.
...+....#.....# .....##.
...####†#.....# #...# #.
..............# #### #.


You could see 2 quokkas and a bat.

Vanquished Creatures
  2 dart slugs
  A giant cockroach (D:1)
  3 ball pythons (D:1)
  A frilled lizard (D:1)
  2 kobolds
9 creatures vanquished.

Notes
Turn   | Place    | Note
-------+----------+-------------------------------------------
     0 | D:1      | Zeld the Deep Elf Hedge Wizard began the quest for the Orb.
     0 | D:1      | Reached XP level 1. HP: 10/10 MP: 7/7
     2 | D:1      | Learned a level 1 spell: Slow
   442 | D:1      | Found a faded altar of an unknown god.
   455 | D:1      | You fall into a shaft and drop 1 floor!
   463 | D:2      | Reached XP level 2. HP: 15/15 MP: 2/9
   544 | D:2      | Learned a level 2 spell: Call Imp
   547 | D:2      | Learned a level 2 spell: Blink
   699 | D:2      | Slain by a quokka

Illustrated notes

Levels and vault maps discovered:
D:1:      minmay_arrival_doors, layout_loops_ring,
          hellmonk_ecumenical_altar_arch_garden
D:2:      kennysheep_six_static_rooms, layout_basic

Action                   || total
-------------------------++-------
Melee: Dagger            ||     4
 Cast: Magic Dart        ||    30
       Call Imp          ||     2
       Slow              ||     1
       Blink             ||     1
Armor: Robe              ||    11
Dodge: Dodged            ||    26
